 Dungeon Crawl Stone Soup version 0.31-a0-188-g5e087ee2ca (webtiles) character file.

Game seed: 11638223610488338168

180 qw the Skirmisher (level 5, -7/29 HPs)
             Began as a Deep Elf Hunter on June 23, 2023.
             Mangled by an ogre
             ... wielding a +0 giant spiked club
              (36 damage)
             ... on level 4 of the Dungeon.
             The game lasted 00:00:45 (1669 turns).

qw the Skirmisher (Deep Elf Hunter)                 Turns: 1669, Time: 00:00:46

Health: -7/29      AC:  6    Str: 10    XL:     5   Next: 33%
Magic:  7/7        EV: 11    Int:  9    God:
Gold:   108        SH:  0    Dex: 18    Spells: 4/4 levels left

rFire   + + +        Y - +3 shortbow (chaos)
rCold   + . .        (shield currently unavailable)
rNeg    . . .        e - +0 ring mail
rPois   +            (no helmet)
rElec   .            b - scarf {repulsion}
rCorr   .            (no gloves)
SInv    .            f - +0 pair of boots
Will    .....        j - amulet of Ysiwk {Faith rPois rF+++ Will- Int-5}
Stlth   +            i - ring of protection from cold
HPRegen 0.24/turn    (no ring)
MPRegen 0.10/turn

%: repel missiles, faith
@: no status effects
A: MP-powered wands
a: no special abilities


You were on level 4 of the Dungeon.
You visited 1 branch of the dungeon, and saw 4 of its levels.

You collected 108 gold pieces.


Innate Abilities, Weirdness & Mutations

You expend magic power (3 MP) to strengthen your wands.


   Skills:
 - Level 1.5 Fighting
 + Level 8.8 Ranged Weapons
 - Level 2.4 Dodging
 - Level 1.2 Stealth


You had 4 spell levels left.
You didn't know any spells.
Your spell library was empty.

Inventory:

Hand Weapons
 Y - a +3 shortbow of chaos (weapon)
Armour
 b - a scarf of repulsion (worn)
 e - a +0 ring mail (worn)
 f - a +0 pair of boots (worn)
Jewellery
 i - a ring of protection from cold (left hand)
 j - the amulet of Ysiwk (around neck) {Faith rPois rF+++ Will- Int-5}
   (You found it on level 3 of the Dungeon)

   [amulet of faith]

   It allows you to gain divine favour quickly.
   Int:       It affects your intelligence (-5).
   rF:        It renders you almost immune to fire.
   rPois:     It protects you from poison.
   Will:      It decreases your willpower.
Scrolls
 a - 2 scrolls of teleportation
 h - a scroll of identify
Potions
 c - a potion of curing
 d - a potion of invisibility {unknown}
 g - a potion of mutation
 k - a potion of might {unknown}
 l - a potion of haste {unknown}

Dungeon Overview and Level Annotations

Branches:
Dungeon (4/15)
 Temple: D:4-7

Altars:

Annotations:
D:3 2 transporters


Message History

i - a ring of protection from cold
1631 ||| UPGRADING to ring of protection from cold.
i - a ring of protection from cold (left hand) Partly explored, unvisited transporter.
1632 ||| DRINKING 2 cyan potions.
It was a potion of curing.
You feel better.
Partly explored, unvisited transporter.
(D) Dungeon
Where to? (* - list waypoints, Enter - D:3, ? - help)
What level of the Dungeon? (default 1, ? - help)
There is an open door here.
There is a stone staircase leading down here.
You climb downwards.
You hear the hiss of flowing sand.
There is an entrance to an ossuary on this level.
Hurry and find it before the portal is buried!
The adder hisses angrily.
The hobgoblin shouts!
You hear a bark!
Found a lumpy yellow potion and 2 scrolls of identify.
Found a stone staircase leading down.
There is a stone staircase leading up here.
There are monsters nearby!
Waypoint 3 assigned to D:4.
1665 ||| PLANNING OSSUARY You shoot an arrow.
The arrow barely misses the adder.
The arrow hits the hobgoblin!
You kill the hobgoblin!
You hear a shout!
You shoot an arrow. The arrow hits the adder!
The arrow freezes the adder.
You kill the adder!
An ogre comes into view. It is wielding a +0 giant spiked club.
Found 8 stones.
The ogre shouts!
You see here a lumpy yellow potion.
You shoot an arrow. The arrow hits the ogre.
The ogre is poisoned.
The ogre is lightly wounded.
A jackal comes into view.
The ogre hits you with a +0 giant spiked club.
You shoot an arrow. The arrow hits the ogre!
You feel better.
The ogre is heavily wounded.
The ogre hits you with a +0 giant spiked club!!!
Ouch! That really hurt!
You die...

.. .. (. ##.
.. #### #.
.....
###O###......
#...@<.......
#.#.##.......
#. ....... #.
....... ##
...>?..
.###.## #.
... . ##


You could see an ogre (poisoned).

Vanquished Creatures
  An ice beast (D:3)
  2 adders
  A worm (D:2)
  2 dart slugs
  An orc (D:3)
  4 endoplasms
  5 giant cockroaches
  6 goblins
  8 hobgoblins
  4 jackals (D:1)
  4 kobolds
  2 quokkas (D:1)
  A ball python (D:3)
  10 bats
  6 frilled lizards
  6 rats
63 creatures vanquished.

Vanquished Creatures (collateral kills)
  A ball python (D:3)
1 creature vanquished.

Vanquished Creatures (others)
  A bat zombie (D:3)
1 creature vanquished.

Grand Total: 65 creatures vanquished

Notes
Turn   | Place    | Note
-------+----------+-------------------------------------------
     0 | D:1      | qw the Deep Elf Hunter began the quest for the Orb.
     0 | D:1      | Reached XP level 1. HP: 12/12 MP: 3/3
     0 | D:1      | 0 ||| qw: Version: 0.3-a-9-g12657ce
     0 | D:1      | 0 ||| qw: Game counter: 4011
     0 | D:1      | 0 ||| qw: Always use a shield: true
     0 | D:1      | 0 ||| qw: God list: Okawaru
     0 | D:1      | 0 ||| qw: Allow faded altars: false
     0 | D:1      | 0 ||| qw: Do Orc after D:15 true
     0 | D:1      | 0 ||| qw: Do second Lair branch before Depths: true
     0 | D:1      | 0 ||| qw: Lair rune preference: random
     0 | D:1      | 0 ||| qw: Plans: Normal
     0 | D:1      | 0 ||| PLANNING D:1-11
     7 | D:1      | Noticed a komodo dragon
     7 | D:1      | Noticed a tyrant leech
     7 | D:1      | Noticed an imperial myrmidon
     8 | D:1      | Noticed a yaktaur captain
   106 | D:1      | Reached XP level 2. HP: 16/16 MP: 4/4
   109 | D:1      | Reached skill level 6 in Ranged Weapons
   185 | D:1      | Found a faded altar of an unknown god.
   521 | D:1      | Reached XP level 3. HP: 20/20 MP: 5/5
   723 | D:1      | 723 ||| UPGRADING to +0 ring mail.
   733 | D:1      | 733 ||| DROPPING +0 leather armour.
   734 | D:1      | 734 ||| READING scroll labelled TITOHELLAA.
   739 | D:1      | 739 ||| READING scroll labelled DALEYH POKIOW.
   740 | D:1      | 740 ||| READING 2 scrolls labelled ARCHAM COGROVE.
   741 | D:1      | 741 ||| READING scroll of enchant weapon.
   741 | D:1      | 741 ||| ENCHANTING +1 shortbow.
   742 | D:1      | 742 ||| READING scroll labelled YWANWA IXKUITH.
   743 | D:1      | 743 ||| DROPPING scroll of butterflies.
   827 | D:2      | 827 ||| READING scroll of enchant weapon.
   827 | D:2      | 827 ||| ENCHANTING +2 shortbow.
   922 | D:2      | Reached skill level 7 in Ranged Weapons
  1152 | D:2      | 1152 ||| UPGRADING to scarf of repulsion.
  1157 | D:2      | 1157 ||| UPGRADING to +0 pair of boots.
  1162 | D:2      | 1162 ||| READING scroll labelled GEEHIO CO BYN.
  1163 | D:2      | 1163 ||| READING scroll labelled SOFOIT SAOHEULL.
  1164 | D:2      | 1164 ||| READING scroll labelled URICEPSOBRI.
  1165 | D:2      | 1165 ||| DRINKING 2 fizzy white potions.
  1165 | D:2      | Gained mutation: You expend magic power (3 MP) to
                  | strengthen your wands. [potion of mutation]
  1233 | D:3      | Identified the amulet of Ysiwk {Faith rPois rF+++ Will-
                  | Int-5}
  1271 | D:3      | Reached XP level 4. HP: 25/25 MP: 6/6
  1328 | D:3      | Noticed an ice beast
  1334 | D:3      | Killed an ice beast
  1335 | D:3      | Reached skill level 8 in Ranged Weapons
  1335 | D:3      | Reached XP level 5. HP: 29/29 MP: 7/7
  1493 | D:3      | Found a transporter.
  1493 | D:3      | Found a transporter.
  1501 | D:3      | Identified the +0 halberd "Tumeck" {venom, Int+3}
  1624 | D:3      | 1624 ||| UPGRADING to amulet of Ysiwk {Faith rPois rF+++
                  | Will- Int-5}.
  1629 | D:3      | 1629 ||| READING scroll labelled ENIBLO HALO.
  1629 | D:3      | Identified a scroll of acquirement
  1629 | D:3      | 1629 ||| ACQUIRING ring of protection from cold
  1629 | D:3      | Acquired a ring of protection from cold
  1631 | D:3      | 1631 ||| UPGRADING to ring of protection from cold.
  1632 | D:3      | 1632 ||| DRINKING 2 cyan potions.
  1665 | D:4      | 1665 ||| PLANNING OSSUARY
  1667 | D:4      | Noticed an ogre
  1669 | D:4      | Mangled by an ogre

Levels and vault maps discovered:
D:1:      onia_arrival_zoo_common, layout_basic, ebering_ecumenical_altar_rust
D:2:      layout_rooms
D:3:      layout_basic, gammafunk_ghost_gnarly_gnolls
D:4:      layout_loops_cross, nicolae_overflow_crystal_walls,
          lightli_ossuary_entry_decrepit_ruins, serial_shops,
          nicolae_shop_competitors_out_of_business, nicolae_shop_unique_rings,
          uniq_blork_the_orc

Skill      XL: |  1  2  3  4 |
---------------+-------------+-----
Ranged Weapons | 6 7 8 |  8.8
Fighting       | |  1.5
Dodging        | |  2.4
Stealth        | |  1.2

Action                     |  1- 3 |  4- 6 || total
---------------------------+-------+-------++-------
   Fire: Shortbow          |   115 |    20 ||   135
    Use: Scroll            |     9 |     1 ||    10
         Potion            |     1 |     1 ||     2
 Armour: Leather armour    |     3 |       ||     3
         Ring mail         |     4 |       ||     4
  Dodge: Dodged            |    14 |     1 ||    15

Table legend:
 A = Non-vault XP
 B = Vault XP
 C = Vault XP percentage of total XP
 D = Non-vault monster count
 E = Vault monster count
 F = Vault count percentage of total count
                 A         B        C        D         E       F
            +---------+---------+-------+---------+---------+-------
      Total |     258 |       0 |   0.0 |      64 |       0 |   0.0
            +---------+---------+-------+---------+---------+-------
        D:1 |      48 |       0 |   0.0 |      25 |       0 |   0.0
        D:2 |      29 |       0 |   0.0 |      19 |       0 |   0.0
        D:3 |     165 |       0 |   0.0 |      18 |       0 |   0.0
        D:4 |      16 |       0 |   0.0 |       2 |       0 |   0.0
            +---------+---------+-------+---------+---------+-------
